 Dungeon Crawl Stone Soup version 0.28-a0-1493-g08698888e4 (webtiles) character file.

Game seed: 5249085103383004241

33 bande the Shield-Bearer (level 3, -1/23 HPs)
             Began as a Gargoyle Fighter on Jan 13, 2022.
             Slain by Natasha (8 damage)
             ... on level 2 of the Dungeon.
             The game lasted 00:02:27 (878 turns).

bande the Shield-Bearer (Gargoyle Fighter)           Turns: 878, Time: 00:02:28

Health: -1/23      AC: 12    Str: 19    XL:     3   Next: 29%
Magic:  3/3        EV:  7    Int:  8    God:
Gold:   84         SH:  4    Dex: 11    Spells: 2/2 levels left

rFire   . . .      SeeInvis .   a - +0 war axe
rCold   . . .      Faith    .   c - +0 buckler
rNeg    + . .      Spirit   .   f - +0 chain mail
rPois   ∞          Reflect  .   (no helmet)
rElec   +          Harm     .   (no cloak)
rCorr   .          Rampage  .   (no gloves)
Will    .....                   (no boots)
Stlth   ..........              (no amulet)
HPRegen 0.07/turn               (no ring)
MPRegen 0.08/turn               (no ring)

@: no status effects
A: sickness immunity, AC +3, negative energy resistance 1, electricity
resistance, torment resistance 1, petrification resistance, talons 1, evolution
1
a: no special abilities


You were on level 2 of the Dungeon.
You visited 1 branch of the dungeon, and saw 2 of its levels.

You collected 84 gold pieces.

Inventory:

Hand Weapons
 a - a +0 war axe (weapon)
Missiles
 e - a throwing net (quivered)
Armour
 b - a +0 scale mail
 c - a +0 buckler (worn)
 f - a +0 chain mail (worn)
Potions
 d - a potion of might
 g - a potion of heal wounds
 h - a potion of berserk rage


   Skills:
 + Level 3.5 Fighting
 + Level 2.2 Axes
 + Level 3.7 Armour
 + Level 3.8 Shields


You had 2 spell levels left.
You didn't know any spells.
Your spell library contained the following spells:

 Spells                   Type           Power      Damage    Failure   Level
 Foxfire                  Conj/Fire      0%         2x1d4     100%        1
 Passwall                 Tmut/Erth      0%         N/A       100%        2
 Animate Armour           Summ/Erth      0%         N/A       100%        4
 Flame Wave               Conj/Fire      0%         2d4       100%        4
 Fireball                 Conj/Fire      0%         3d3       100%        5


Dungeon Overview and Level Annotations

Branches:
Dungeon (2/15)

Altars:

Annotations:
D:2 Natasha


Innate Abilities, Weirdness & Mutations

You are immune to sickness and miasma.
Your stone body is resilient. (AC +3)
You are immune to poison.
You resist negative energy. (rN+)
You are resistant to electric shocks. (rElec)
You are resistant to unholy torment.
You are immune to petrification.
You have sharp toenails.
You have hidden genetic potential.


Message History

You barely miss the giant cockroach. You claw the giant cockroach.
The giant cockroach is almost dead.
The giant cockroach bites you. x2
You hit the giant cockroach.
You kill the giant cockroach!
No target in view!
No target in view!
No target in view!
Natasha, Servant of Life and Death comes into view.
Found 12 gold pieces.
Found an escape hatch in the ceiling.
Natasha claws you!
You closely miss Natasha. Natasha claws you!
Natasha claws you but does no damage.
You are too injured to fight recklessly!
You are too injured to fight recklessly!
You are too injured to fight recklessly!
You are too injured to fight recklessly!
You are too injured to fight recklessly!
You are too injured to fight recklessly!
You are too injured to fight recklessly!
Unknown command.
You slash Natasha!
Natasha is severely wounded.
Natasha claws you but does no damage.
You barely miss Natasha. Your kick misses Natasha.
Natasha is severely wounded.
Natasha casts a spell.
Natasha mewls in sadness.
You block Natasha's attack.
You closely miss Natasha.
Natasha is severely wounded.
You miss the crimson imp. Natasha closely misses you.
The crimson imp hits you but does no damage.
Unknown command.
You hit Natasha.
Natasha is almost dead.
You closely miss the crimson imp. Natasha claws you but does no damage.
The crimson imp hits you but does no damage.
Natasha claws you!
You die...

##..........##
.............
...........# #
#$<.......#
..#.........# .#
............#..
###.##...
#....h.......
.##..#...# #...5@..#
..<....# ..#.......#
.......# #.........#
.......# ##....#..##
.......#######.<†.#
.............##...#
.............##...###
###..........##.....#
#
##.........##..##..♣


You could see Natasha and a crimson imp (summoned).

Vanquished Creatures
  A dart slug (D:1)
  2 ball pythons (D:1)
  3 endoplasms (D:1)
  5 giant cockroaches
  2 goblins (D:1)
  3 jackals (D:1)
  A quokka (D:1)
  5 bats
  3 kobolds (D:1)
  4 rats
29 creatures vanquished.

Notes
Turn   | Place    | Note
-------+----------+-------------------------------------------
     0 | D:1      | bande the Gargoyle Fighter began the quest for the Orb.
     0 | D:1      | Reached XP level 1. HP: 14/14 MP: 1/1
   107 | D:1      | Reached XP level 2. HP: 19/19 MP: 2/2
   238 | D:1      | Found a faded altar of an unknown god.
   320 | D:1      | Got Sif Muna's Compendium of Earthen Ignition
   414 | D:1      | Gained mutation: You have hidden genetic potential. [potion
                  | of mutation]
   414 | D:1      | Gained mutation: You have sharp toenails. [potion of
                  | mutation]
   452 | D:1      | Reached XP level 3. HP: 20/23 MP: 3/3
   870 | D:2      | Noticed Natasha
   878 | D:2      | Slain by Natasha

Illustrated notes

Levels and vault maps discovered:
D:1:      eino_arrival_water_star, layout_basic,
          ebering_ecumenical_altar_abandoned
D:2:      layout_rooms, serial_forest, infiniplex_forest_straight_1,
          infiniplex_forest_lined_2, infiniplex_forest_clump_tiny,
          infiniplex_forest_lined_room_3, infiniplex_forest_straight_4,
          basic_altar, uniq_natasha

Skill      XL: |  1  2 |
---------------+-------+-----
Axes           | 2 |  2.2
Fighting       | |  3.5
Armour         | |  3.7
Shields        | |  3.8

Action                   || total
-------------------------++-------
Melee: War axe           ||    85
       Kick              ||     7
  Use: Scroll            ||     4
       Potion            ||     1
Armor: Scale mail        ||    57
       Chain mail        ||    13
Dodge: Dodged            ||    45
Block: Buckler           ||    25

Table legend: (Time is in decaauts)
 A = Elapsed time spent in this place.
 B = Non-inter-level travel time spent in this place.
 C = Inter-level travel time spent in this place.
 D = Time resting spent in this place.
 E = Time spent auto-exploring this place.
 F = Levels seen in this place.
 G = Mean time per level.
                   A        B        C        D        E       F      G
               +--------+--------+--------+--------+--------+-----+--------+
         Total |    915 |    915 |      0 |      0 |    650 |   2 |  457.5 |
       Dungeon |    915 |    915 |      0 |      0 |    650 |   2 |  457.5 |
               +--------+--------+--------+--------+--------+-----+--------+

Top non-repeatable levels by time:
     D:1: 743 daAuts
     D:2: 171 daAuts
